 Dungeon Crawl Stone Soup version 0.24.0-13-gcf9b3192b9 (webtiles) character file.

Game seed: 13764850045195300103, levelgen mode: deterministic

161 Mrkan the Ruffian (level 5, -4/53 HPs)
             Began as a Troll Monk on Nov 5, 2019.
             Slain by an orc
             ... wielding a +0 flail
              (5 damage)
             ... on level 3 of the Dungeon.
             The game lasted 00:03:14 (1762 turns).

Mrkan the Ruffian (Troll Monk)                      Turns: 1762, Time: 00:03:14

Health: -4/53      AC:  6    Str: 19    XL:     5   Next: 19%
Magic:  4/4        EV: 10    Int:  7    God:
Gold:   49         SH:  0    Dex: 12    Spells: 4/4 levels left

rFire    . . .     SeeInvis .     - Unarmed
rCold    . . .     Gourm    +   (no shield)
rNeg     . . .     Faith    .   a - +0 robe
rPois    .         Spirit   .   (helmet restricted)
rElec    .         Reflect  .   (no cloak)
rCorr    .         Harm     .   (gloves unavailable)
MR       .....                  (boots unavailable)
Stlth    ++........             (no amulet)
HPRegen  0.57/turn              (no ring)
MPRegen  0.09/turn              (no ring)

@: no status effects
A: large, unfitting armour, claws 3, fast metabolism 3, gourmand, regeneration
1, shaggy fur 1, tough skin 3
a: no special abilities


You were on level 3 of the Dungeon.
You were very full.

You visited 1 branch of the dungeon, and saw 3 of its levels.

You collected 49 gold pieces.

Inventory:

Armour
 a - a +0 robe (worn)
Jewellery
 e - a cursed -5 ring of intelligence {unknown}
 l - an uncursed amulet of regeneration {unknown}
Wands
 m - a wand of disintegration (23)
Scrolls
 c - a scroll of random uselessness {unknown}
 f - a scroll of magic mapping {unknown}
 i - 2 scrolls of identify {unknown}
 j - a scroll of fear {unknown}
 n - a scroll of amnesia {unknown}
Potions
 d - a potion of brilliance {unknown}
 g - a potion of haste {unknown}
 h - 2 potions of curing {unknown}
 k - 2 potions of flight {unknown}
Comestibles
 b - 5 rations


   Skills:
 + Level 3.4 Fighting
 - Level 2.4 Dodging
 - Level 1.0 Stealth
 * Level 5.1 Unarmed Combat


You had 4 spell levels left.
You didn't know any spells.
Your spell library was empty.

Dungeon Overview and Level Annotations

Branches:
Dungeon (3/15)

Altars:


Innate Abilities, Weirdness & Mutations

You are too large for most types of armour.
You have claws for hands.
Your metabolism is lightning-fast.
You like to eat raw meat.
Your natural rate of healing is unusually fast.
You are covered in fur. (AC +1)
You have extremely tough skin. (AC +3)


Message History

* * * LOW HITPOINT WARNING * * *
You scratch the adder.
The adder is lightly wounded.
The adder bites you but does no damage. The orc barely misses you.
The adder bites you but does no damage.
You claw the adder!
You kill the adder!
The orc misses you.
The frilled lizard bites you but does no damage.
The orc closely misses you. The orc hits you with a +0 flail.
* * * LOW HITPOINT WARNING * * *
Found a scroll labeled ZEL GODAOLUWI.
Things that are here:
a +0 whip; an adder corpse; an orc corpse You closely miss the frilled lizard.
The orc hits you with a +0 flail!
* * * LOW HITPOINT WARNING * * *
The frilled lizard bites you.
* * * LOW HITPOINT WARNING * * *
The orc hits you with a +0 flail.
You die...

.......#........#......
.......#######.##...###
................#......
#...............#.#.###
#...............#)#.#..
##...............#.#.#..
....##...........#.#.#..
.......ol........#.#....
.......@oo.......#......
.................###....
.................# #....
....##...........#####..
... ...................
.. ...######.....####..
. .... .............
..?. ............#
.............


You could see 3 orcs and a frilled lizard.

Vanquished Creatures
  An orc priest (D:3)
  5 adders
  3 dart slugs
  3 leopard geckos (D:1)
  9 orcs
  A giant cockroach (D:1)
  7 goblins
  6 hobgoblins
  8 jackals
  10 kobolds
  A quokka (D:2)
  A ball python (D:1)
  6 bats
  A frilled lizard (D:1)
  3 rats
  A bush (D:2)
66 creatures vanquished.

Notes
Turn   | Place    | Note
-------+----------+-------------------------------------------
     0 | D:1      | Mrkan the Troll Monk began the quest for the Orb.
     0 | D:1      | Reached XP level 1. HP: 22/22 MP: 0/0
   106 | D:1      | Reached XP level 2. HP: 29/29 MP: 1/1
   271 | D:1      | Reached XP level 3. HP: 36/36 MP: 2/2
   580 | D:1      | Reached skill level 4 in Unarmed Combat
  1100 | D:2      | Reached XP level 4. HP: 45/45 MP: 3/3
  1754 | D:3      | Reached skill level 5 in Unarmed Combat
  1754 | D:3      | Reached XP level 5. HP: 28/53 MP: 4/4
  1762 | D:3      | HP: 2/53 [orc/+0 flail (9)]
  1762 | D:3      | Slain by an orc

Levels and vault maps discovered:
D:1:      scummos_arrival_checkerplants, layout_loops_ring
D:2:      layout_loops_corners, first_ration, minmay_hedge_maze
D:3:      layout_basic, bloody_trog, hangedman_glass_teeth, uniq_terence

Skill      XL: |  1  2  3  4 |
---------------+-------------+-----
Unarmed Combat | 4 5 |  5.1
Fighting       | 3 |  3.4
Dodging        | |  2.4
Stealth        | |  1.0

Action                   |  1- 3 |  4- 6 || total
-------------------------+-------+-------++-------
Melee: Unarmed           |    99 |    87 ||   186
       Punch             |     2 |     2 ||     4
  Eat: Chunk             |    10 |     6 ||    16
       Ration            |     1 |       ||     1
Armor: Robe              |    49 |    45 ||    94
Dodge: Dodged            |    63 |    70 ||   133
